 Dungeon Crawl Stone Soup version 0.30-a0-341-g682706514a (webtiles) character file.

Game seed: 13203062942799735119

60 bande the Covered (level 4, -3/29 HPs)
             Began as a Gargoyle Fighter on Nov 1, 2022.
             Killed from afar by Ijyb (19 damage)
             ... with a bolt of acid
             ... on level 3 of the Dungeon.
             The game lasted 00:03:15 (1257 turns).

bande the Covered (Gargoyle Fighter)                Turns: 1257, Time: 00:03:16

Health: -3/29      AC: 18    Str: 19    XL:     4   Next: 4%
Magic:  4/4        EV:  7    Int:  9    God:
Gold:   100        SH:  4    Dex: 11    Spells: 3/3 levels left

rFire   . . .      SeeInvis .    a - +1 war axe
rCold   . . .      Faith    .    c - +0 buckler
rNeg    + . .      Spirit   .    s - +0 chain mail
rPois   ∞          Reflect  .    (no helmet)
rElec   +          Harm     .    (no cloak)
rCorr   .          Rampage  .    u - +1 pair of gloves
Will    .....                    i - +2 pair of boots
Stlth   ..........               (no amulet)
HPRegen 0.24/turn                (no ring)
MPRegen 0.09/turn                (no ring)

@: no status effects
A: sickness immunity, AC +3, negative energy resistance 1, electricity
resistance, torment resistance 1, petrification resistance
a: no special abilities


You were on level 3 of the Dungeon.
You visited 1 branch of the dungeon, and saw 3 of its levels.

You collected 100 gold pieces.

Inventory:

Hand Weapons
 a - a +1 war axe (weapon)
Armour
 b - a +0 ring mail of fire resistance
 c - a +0 buckler (worn)
 i - a +2 pair of boots (worn)
 s - a +0 chain mail (worn)
 u - a +1 pair of gloves (worn)
Jewellery
 j - an amulet of the acrobat
 o - a ring of ice
Scrolls
 e - 2 scrolls of identify
 g - a scroll of enchant armour
Potions
 d - 4 potions of might
 h - a potion of curing {unknown}
 k - a potion of berserk rage {unknown}
 m - 2 potions of heal wounds
 n - a potion of brilliance {unknown}
 t - 2 potions of degeneration {unknown}


   Skills:
 + Level 3.7 Fighting
 + Level 2.8 Axes
 + Level 3.8 Armour
 + Level 3.7 Shields


You had 3 spell levels left.
You didn't know any spells.
Your spell library contained the following spells:

 Spells                   Type           Power      Damage    Failure   Level
 Call Canine Familiar     Summ           0%         N/A       100%        3
 Portal Projectile        Hex/Tloc       0%         N/A       100%        3
 Leda's Liquefaction      Hex/Erth       0%         N/A       100%        4


Dungeon Overview and Level Annotations

Branches:
Dungeon (3/15)

Altars:

Annotations:
D:3 Ijyb


Innate Abilities, Weirdness & Mutations

You are immune to sickness and miasma.
Your stone body is resilient. (AC +3)
You are immune to poison.
You resist negative energy. (rN+)
You are resistant to electric shocks. (rElec)
You are resistant to unholy torment.
You are immune to petrification.


Message History

Terence is almost dead.
Terence looks more healthy.
Your kobold hits Terence with a +0 short sword.
Terence hits you but does no damage.
Your kobold closely misses Terence.
You closely miss Terence.
Terence is almost dead.
Terence hits you with a +0 short sword.
Your kobold hits Terence but does no damage.
You hit Terence.
You kill Terence!
You have reached level 4!
You feel clever.
Things that are here:
a +0 short sword; a +0 ring mail Your kobold dissolves into shadows!
HP restored.
Found a stone staircase leading up.
As you read the scroll labelled HIOC QORCHUS, it crumbles to dust.
It is a scroll of enchant armour.
Your +0 pair of gloves glows green for a moment.
As you read the scroll labelled KUDGHE BOUBBEC, it crumbles to dust.
You assume a fearsome visage.
Nothing appears to happen.
It was a scroll of fear.
As you read the scroll labelled IVYIGUIZXA, it crumbles to dust.
The air around you briefly surges with heat, but it dissipates.
It was a scroll of immolation.
As you read the scroll labelled ZELIPL ESOLENA, it crumbles to dust.
It is a scroll of enchant weapon.
Your +0 war axe glows red for a moment.
Ijyb the Twisted Goblin comes into view.
She is wielding a +1 dagger of venom and carrying a wand of acid (10).
Ijyb shouts!
Ijyb is nearby!
Ijyb zaps a wand.
The bolt of acid hits you.
Ijyb zaps a wand.
The bolt of acid hits you!
Ijyb zaps a wand.
The bolt of acid hits you.
You hit Ijyb.
Ijyb is moderately wounded.
Ijyb zaps a wand.
The bolt of acid hits you!!
Ouch! That really hurt!
You die...

#. . .# . # #. #.# .#
#.# .## #.###.# .# ..
.. #.....##.#
#.#.##........
###..g........# #
#....#@.......#.+
#........<...#
#####.....##
##...##.# #.#####
##....# #.#...#
#.#.## #
####.#...####.##.##
..
........##.......#.#.
#
#.........##........


You could see Ijyb.

Vanquished Creatures
  Terence (D:3)
  A worm (D:2)
  2 ball pythons (D:1)
  5 bats (D:1)
  3 endoplasms
  2 goblins
  3 hobgoblins
  4 jackals (D:2)
  2 quokkas
  2 frilled lizards (D:1)
  2 kobolds (D:2)
  2 rats
29 creatures vanquished.

Notes
Turn   | Place    | Note
-------+----------+-------------------------------------------
     0 | D:1      | bande the Gargoyle Fighter began the quest for the Orb.
     0 | D:1      | Reached XP level 1. HP: 14/14 MP: 1/1
   189 | D:1      | Reached XP level 2. HP: 19/19 MP: 2/2
   818 | D:2      | Reached XP level 3. HP: 23/23 MP: 3/3
  1181 | D:3      | Noticed Terence
  1194 | D:3      | Killed Terence
  1195 | D:3      | Reached XP level 4. HP: 20/29 MP: 4/4
  1252 | D:3      | Noticed Ijyb
  1257 | D:3      | Killed from afar by Ijyb

Illustrated notes

Levels and vault maps discovered:
D:1:      wheals_arrival_shading, layout_basic, bh_walls_and_bars
D:2:      layout_rooms, dreamdust_princess_corridor, serial_bayou_pond_c,
          minmay_stone_trees_small
D:3:      layout_loops_cross, shapermc_ecumenical_altar_ellora, uniq_terence,
          uniq_ijyb

Skill      XL: |  1  2 |
---------------+-------+-----
Axes           | 2 |  2.8
Fighting       | |  3.7
Armour         | |  3.8
Shields        | |  3.7

Action                   |  1- 3 |  4- 6 || total
-------------------------+-------+-------++-------
Melee: War axe           |    80 |     1 ||    81
  Use: Scroll            |     3 |     4 ||     7
Armor: Scale mail        |    46 |       ||    46
       Chain mail        |     5 |       ||     5
Dodge: Dodged            |    39 |       ||    39
Block: Buckler           |    22 |       ||    22

Table legend: (Time is in decaauts)
 A = Elapsed time spent in this place.
 B = Non-inter-level travel time spent in this place.
 C = Inter-level travel time spent in this place.
 D = Time resting spent in this place.
 E = Time spent auto-exploring this place.
 F = Levels seen in this place.
 G = Mean time per level.
                   A        B        C        D        E       F      G
               +--------+--------+--------+--------+--------+-----+--------+
         Total |   1301 |   1301 |      0 |      0 |    930 |   3 |  433.7 |
       Dungeon |   1301 |   1301 |      0 |      0 |    930 |   3 |  433.7 |
               +--------+--------+--------+--------+--------+-----+--------+

Top non-repeatable levels by time:
     D:1: 690 daAuts
     D:2: 508 daAuts
     D:3: 103 daAuts
